 Dungeon Crawl Stone Soup version 0.18.1-48-g4cf74bf (webtiles) character file.

13609 nuthulu the Severer (level 11, -8/101 HPs)
             Began as a Minotaur Berserker on Sept 6, 2016.
             Was a High Priest of Trog.
             Mangled by a seven-headed hydra (10 damage)
             ... on level 1 of the Lair of Beasts.
             The game lasted 00:25:07 (12889 turns).

nuthulu the Severer (Minotaur Berserker)           Turns: 12889, Time: 00:25:08

Health: -8/101     AC:  6    Str: 22    XL:     11   Next: 77%
Magic:  10/10      EV: 18    Int:  4    God:    Trog [*****.]
Gold:   419        SH:  0    Dex: 13    Spells: 0 memorised, 10 levels left

rFire  + . .     SeeInvis .     G - +2 halberd (venom)
rCold  + . .     Gourm    .     l - +1 robe {rF+}
rNeg   . . .     Faith    +     (shield currently unavailable)
rPois  +         Spirit   .     (helmet restricted)
rElec  .         Dismiss  .     D - +0 cloak {rPois}
rCorr  .         Reflect  .     (no gloves)
SustAt .         Harm     .     j - +1 pair of boots
MR     +++..                    h - amulet of faith
Stlth  ++........               i - ring of protection from cold
                                o - ring of protection from magic

@: regenerating, extremely resistant to hostile enchantments, unstealthy
A: retaliatory headbutt, horns 2
a: Berserk, Trog's Hand, Brothers in Arms, Burn Spellbooks, Renounce Religion


You were on level 1 of the Lair of Beasts.
You worshipped Trog.
Trog was extremely pleased with you.
You were not hungry.

You visited 3 branches of the dungeon, and saw 12 of its levels.

You collected 531 gold pieces.
You spent 112 gold pieces at shops.

Inventory:

Hand Weapons
 a - a +2 hand axe
 s - a +3 war axe
 G - a +2 halberd of venom (weapon)
Armour
 j - a +1 pair of boots (worn)
 l - a +1 robe of fire resistance (worn)
 D - a +0 cloak of poison resistance (worn)
 F - a +2 cloak
 J - a +3 chain mail
Jewellery
 h - an amulet of faith (around neck)
 i - a ring of protection from cold (right hand)
 k - an uncursed ring of protection from magic
 o - a ring of protection from magic (left hand)
 p - an uncursed ring of see invisible
 z - an uncursed ring of sustain attributes
 B - a +4 ring of intelligence
Wands
 b - a wand of digging (15/24)
 t - a wand of polymorph (7/24)
 A - a wand of flame (11/48)
 C - a wand of disintegration (12/24)
 H - a wand of lightning (8/15)
 K - a wand of iceblast (8/15)
Scrolls
 n - a scroll of recharging
 r - 4 scrolls of remove curse
 w - a scroll of teleportation
 x - 2 scrolls of blinking
 y - a scroll of identify
Potions
 d - 2 potions of invisibility
 e - 4 potions of agility
 f - a potion of curing
 g - 3 potions of heal wounds
 I - a potion of brilliance
Comestibles
 c - 4 bread rations
 m - a royal jelly
 q - 2 beef jerkies
 u - 2 meat rations
 v - 19 fruits


   Skills:
 - Level 10.7 Fighting
 + Level 15.5(15.6) Axes
 + Level 1.4(10.6) Polearms
 * Level 4.6 Armour
 - Level 11.0 Dodging
 - Level 0.8 Stealth


You had 10 spell levels left.
You didn't know any spells.

Dungeon Overview and Level Annotations

Branches:
Dungeon (10/15)            Temple (1/1) D:6            Lair (1/8) D:9
    Orc (0/2) D:10

Altars:
Fedhas
Pakellas
Sif Muna
Xom
The Shining One

Shops:
D:5 }}([}   D:9 %


Innate Abilities, Weirdness & Mutations

You reflexively headbutt those who attack you in melee.
You have a pair of horns on your head.


Message History

You feel slightly more hungry. The seven-headed hydra bites you.
The seven-headed hydra misses you.
The seven-headed hydra bites you but does no damage.
The seven-headed hydra bites you!
* * * LOW HITPOINT WARNING * * *
The seven-headed hydra closely misses you.
The seven-headed hydra bites you.
* * * LOW HITPOINT WARNING * * *
The seven-headed hydra misses you.
You barely miss the seven-headed hydra.
Your headbutt misses the seven-headed hydra.
The seven-headed hydra is severely wounded.
The seven-headed hydra bites you!
* * * LOW HITPOINT WARNING * * *
The seven-headed hydra misses you.
The seven-headed hydra completely misses you.
The seven-headed hydra bites you!
* * * LOW HITPOINT WARNING * * *
The seven-headed hydra bites you!
You die...

.......#........##
..#
#..##..........##
######.........# .
#.......### !#
#.......## ...
#...#....## ....
#..###....###
..... #..#
###....##....>%
#.## ##..@D.......
#. ##..#....##.
#..##.(.# #..#
#..# ##.# ### ###


You could see a seven-headed hydra.

Vanquished Creatures
  Fannar (Lair:1)
  A hydra (D:8)
  Erica (D:9)
  An unseen horror (D:10)
  Maurice (D:8)
  An ice statue (D:10)
  2 komodo dragons (D:9)
  A troll (D:10)
  A wraith (D:10)
  Sigmund (D:5)
  19 yaks
  Grum (D:8)
  A vampire (D:10)
  2 hippogriffs (Lair:1)
  4 water moccasins
  The ghost of juanjsm the Sneak, an amateur SpEn (D:3)
  2 porcupines (Lair:1)
  A swamp drake (D:9)
  3 ice beasts
  3 orc warriors (D:6)
  5 phantoms
  6 ogres
  2 wolves (D:8)
  A centaur (D:5)
  3 crocodiles (Lair:1)
  A big kobold (D:9)
  7 giant frogs
  4 scorpions
  A troll zombie (D:10)
  3 killer bees (D:8)
  4 wights (D:10)
  4 howler monkeys
  3 crimson imps
  A quasit (D:10)
  3 hounds
  A centaur skeleton (D:9)
  5 orc priests
  Crazy Yiuf (D:2)
  2 centaur zombies
  2 giant frog skeletons
  7 orc wizards
  Jessica (D:3)
  Natasha (thrice) (D:4)
  7 worker ants
  6 iguanas
  5 ogre zombies (D:10)
  A hound zombie (D:10)
  A hound skeleton (D:7)
  A worker ant zombie (D:5)
  Robin (D:2)
  7 river rats (Lair:1)
  15 adders
  5 shadow imps
  An adder zombie (D:5)
  A worm (D:4)
  9 giant geckos
  22 orcs
  5 giant cockroaches
  11 goblins
  12 hobgoblins
  9 jackals
  7 quokkas
  2 ball pythons
  7 bats
  2 giant newts
  3 goblin skeletons (D:10)
  2 goblin zombies
  A hobgoblin skeleton (D:10)
  7 hobgoblin zombies
  12 kobolds
  A kobold zombie (D:6)
  An orc skeleton (D:6)
  8 orc zombies (D:10)
  A quokka skeleton (D:5)
  A quokka zombie (D:10)
  11 rats
303 creatures vanquished.

Vanquished Creatures (collateral kills)
  Erolcha (D:8)
  An orc warrior (D:10)
  A troll zombie (D:10)
  An orc wizard (D:8)
  3 orc priests
  An ogre zombie (D:10)
  An orc (D:10)
  A quokka (D:10)
  3 goblin zombies (D:10)
  A hobgoblin skeleton (D:10)
  5 orc zombies (D:10)
19 creatures vanquished.

Vanquished Creatures (others)
  An orc (D:8)
  2 goblins (D:2)
  A plant (Lair:1)
4 creatures vanquished.

Grand Total: 326 creatures vanquished

Notes
Turn   | Place    | Note
--------------------------------------------------------------
     0 | D:1      | nuthulu the Minotaur Berserker began the quest for the Orb.
     0 | D:1      | Reached XP level 1. HP: 19/19 MP: 0/0
   174 | D:1      | Reached XP level 2. HP: 27/27 MP: 1/1
   238 | D:1      | Reached skill level 4 in Axes
   961 | D:2      | Reached XP level 3. HP: 32/34 MP: 2/2
  1004 | D:2      | Noticed Crazy Yiuf
  1010 | D:2      | Killed Crazy Yiuf
  1146 | D:2      | Reached ** piety under Trog
  1300 | D:2      | Reached XP level 4. HP: 32/41 MP: 3/3
  1414 | D:2      | Noticed Robin
  1430 | D:2      | Killed Robin
  1430 | D:2      | Reached skill level 5 in Fighting
  1430 | D:2      | Reached skill level 5 in Axes
  1755 | D:2      | Found an oddly glowing altar of Pakellas.
  1755 | D:2      | Found a deep blue altar of Sif Muna.
  2251 | D:3      | Reached *** piety under Trog
  2258 | D:3      | Reached XP level 5. HP: 42/48 MP: 4/4
  2380 | D:3      | Noticed Jessica
  2384 | D:3      | Killed Jessica
  2638 | D:3      | Noticed juanjsm's ghost (amateur SpEn)
  2657 | D:3      | Killed juanjsm's ghost
  2657 | D:3      | Reached skill level 6 in Axes
  2657 | D:3      | Reached XP level 6. HP: 49/57 MP: 5/5
  3146 | D:4      | Reached skill level 7 in Axes
  3146 | D:4      | Reached XP level 7. HP: 51/66 MP: 6/6
  3541 | D:4      | Noticed Natasha
  3555 | D:4      | Killed Natasha
  3618 | D:4      | Noticed Natasha
  3620 | D:4      | Killed Natasha
  3647 | D:4      | Noticed Natasha
  3648 | D:4      | Reached **** piety under Trog
  3654 | D:4      | Killed Natasha
  3654 | D:4      | Reached skill level 8 in Axes
  4077 | D:5      | Entered Level 5 of the Dungeon
  4139 | D:5      | Found Ejuhey Maer's Antique Armour Emporium.
  4143 | D:5      | Bought a pair of glowing boots for 112 gold pieces
  4253 | D:5      | Noticed Sigmund
  4472 | D:5      | Killed Sigmund
  4472 | D:5      | Reached XP level 8. HP: 69/75 MP: 7/7
  4487 | D:5      | Found Xammininuf's Gadget Shoppe.
  4548 | D:5      | Found an oddly glowing altar of Pakellas.
  4552 | D:5      | Found Zaocsuq's Gadget Emporium.
  4715 | D:5      | Found Zoxan's Antique Weapon Shoppe.
  4862 | D:5      | Got a fine long sword
  4863 | D:5      | Identified the +3 long sword "Sikorol" {pain, rElec rPois MP-9 Str+3} (You found it on level 5 of the Dungeon)
  4882 | D:5      | Found Echuedwu's Gadget Boutique.
  4940 | D:5      | Reached skill level 9 in Axes
  5437 | D:6      | Reached skill level 10 in Fighting
  5724 | D:6      | Reached skill level 10 in Axes
  5742 | D:6      | Found a shimmering altar of Xom.
  5799 | D:6      | Reached XP level 9. HP: 71/86 MP: 8/8
  5818 | D:6      | Found a glowing golden altar of the Shining One.
  6433 | D:6      | Found a deep blue altar of Sif Muna.
  6440 | D:6      | Reached skill level 11 in Axes
  6628 | D:6      | Found a staircase to the Ecumenical Temple.
  6635 | Temple   | Entered the Ecumenical Temple
  7442 | D:8      | Reached ***** piety under Trog
  7489 | D:8      | Noticed Grum
  7503 | D:8      | Killed Grum
  7626 | D:8      | Found a blossoming altar of Fedhas.
  7631 | D:8      | Reached skill level 5 in Dodging
  7638 | D:8      | Reached skill level 12 in Axes
  7796 | D:8      | Noticed Erolcha
  7819 | D:8      | Killed Erolcha
  7836 | D:8      | Reached XP level 10. HP: 76/94 MP: 9/9
  7857 | D:8      | Noticed Maurice
  7866 | D:8      | Killed Maurice
  7939 | D:8      | Noticed a six-headed hydra
  8295 | D:8      | Killed a six-headed hydra
  8295 | D:8      | Reached skill level 13 in Axes
  8295 | D:8      | Reached skill level 1 in Polearms
  9224 | D:9      | Found a staircase to the Lair.
  9603 | D:9      | Found Vaorgh's Food Emporium.
  9892 | D:9      | Noticed Erica
  9904 | D:9      | Killed Erica
 10205 | D:9      | Reached XP level 11. HP: 89/101 MP: 10/10
 10209 | D:9      | Reached skill level 10 in Dodging
 10712 | D:10     | Entered Level 10 of the Dungeon
 10747 | D:10     | Reached skill level 14 in Axes
 11049 | D:10     | Noticed an unseen horror
 11055 | D:10     | Killed an unseen horror
 11113 | D:10     | Found a staircase to the Orcish Mines.
 11774 | Lair:1   | Entered Level 1 of the Lair of Beasts
 12195 | Lair:1   | Received a gift from Trog
 12459 | Lair:1   | Reached skill level 15 in Axes
 12751 | Lair:1   | Noticed Fannar
 12770 | Lair:1   | Killed Fannar
 12879 | Lair:1   | Noticed a four-headed hydra
 12889 | Lair:1   | HP: 2/101 [seven-headed hydra (7)]
 12889 | Lair:1   | Mangled by a seven-headed hydra

Skill      XL: |  1  2  3  4  5  6  7  8  9 10 11 |
---------------+----------------------------------+-----
Fighting       | 4 5 6 7 8 10 | 10.7
Axes           | 4 5 6 7 8 10 12 13 15 | 15.5
Dodging        | 5 9 11 | 11.0
Polearms       | 1 |  1.4
Armour         | 4 |  4.6
Stealth        | |  0.8

Action                   |  1- 3 |  4- 6 |  7- 9 | 10-12 || total
-------------------------+-------+-------+-------+-------++-------
Melee: Hand axe          |    77 |   126 |   138 |    14 ||   355
       Headbutt          |    12 |    27 |    53 |    88 ||   180
       War axe           |       |       |   142 |   366 ||   508
       Spear             |       |       |       |     8 ||     8
       Halberd           |       |       |       |     4 ||     4
Invok: Berserk           |     1 |       |     3 |     2 ||     6
       Trog's Hand       |       |     2 |     8 |    10 ||    20
       Burn Spellbooks   |       |       |     1 |     4 ||     5
       Brothers in Arms  |       |       |     1 |     1 ||     2
Evoke: Wand              |       |       |     1 |       ||     1
  Use: Scroll            |     5 |     6 |    10 |     5 ||    26
       Potion            |     2 |     1 |     5 |     3 ||    11
 Stab: Sleeping          |       |     1 |     3 |     1 ||     5
       Distracted        |       |       |     1 |     1 ||     2
  Eat: Chunk             |     3 |     6 |    16 |     8 ||    33
       Meat ration       |       |       |     1 |       ||     1
       Bread ration      |       |       |       |     3 ||     3
Armor: Animal skin       |    21 |    14 |       |       ||    35
       Robe              |       |    20 |    58 |    66 ||   144
Dodge: Dodged            |    46 |    82 |   160 |   331 ||   619
